PUB
MONTREAL ROYALS @ ORLANDO ORACLES
04/10/1972
 
TOP OF THE 1ST
Montreal Royals batting - Pitching for Orlando Oracles : RHP Flynn Reeves
Pitching: RHP Flynn Reeves
Batting: LHB Javier García 0-0: Ball
1-0: SINGLE (Groundball, 34S, EV 76.3 MPH) (infield hit)
Batting: RHB Luis López 0-0: Ball
1-0: Ball
2-0: Called Strike
2-1: SINGLE (Groundball, 6D, EV 102.5 MPH)
Javier García to second
Batting: LHB Nick Nix 0-0: Ball
1-0: Called Strike
1-1: SINGLE (Line Drive, 89S, EV 98.1 MPH)
Javier García to third
Luis López to second
Batting: RHB Juan Méndez 0-0: Called Strike
0-1: Ball
1-1: Called Strike
1-2: Ball
2-2: Strikes out looking
Batting: RHB Cleon Jones 0-0: Swinging Strike
0-1: Hit by Pitch
Javier García scores
Luis López to third
Nick Nix to second
Pinch Runner at 1st Paul Blair:
Batting: LHB Jake Cameron 0-0: Called Strike
0-1: Called Strike
0-2: SINGLE (Groundball, 15S, EV 75.6 MPH) (infield hit)
Luis López scores
Nick Nix to third
Paul Blair to second
Batting: RHB Steve Robinson 0-0: Called Strike
0-1: Fly out, F9 (Flyball, 9, EV 84.4 MPH)
Runner from 3rd tags up, SCORES, no throw by RF
Batting: RHB Stewart Gray 0-0: Fielders Choice at 2nd, 6-4 (Groundball, 6, EV 83.8 MPH)
Top of the 1st over - 3 runs, 4 hits, 0 errors, 2 left on base; Montreal 3 - Orlando 0
BOTTOM OF THE 1ST
Orlando Oracles batting - Pitching for Montreal Royals : LHP Yoriie Kichida
Pitching: LHP Yoriie Kichida
Now in CF: Paul Blair
Now in RF: Jake Cameron
Batting: RHB Edward Wilson 0-0: Ball
1-0: Ground out 6-3 (Groundball, 6, EV 87.5 MPH)
Batting: LHB Rusty Staub 0-0: Called Strike
0-1: Ground out 6-3 (Groundball, 6, EV 80.0 MPH)
Batting: RHB Cesar Cedeno 0-0: Foul Ball, location: 2LF
0-1: Foul Ball, location: 25F
0-2: Fly out, F8 (Line Drive, 8LD, EV 104.4 MPH)
Bottom of the 1st over - 0 runs, 0 hits, 0 errors, 0 left on base; Montreal 3 - Orlando 0
TOP OF THE 2ND
Montreal Royals batting - Pitching for Orlando Oracles : RHP Flynn Reeves
Batting: LHB Yoriie Kichida 0-0: Called Strike
0-1: Ball
1-1: Ball
2-1: Called Strike
2-2: Strikes out swinging
Batting: LHB Javier García 0-0: Foul Ball, location: 7LMF
0-1: Foul Ball, location: 7LMF
0-2: Foul Ball, location: 7LMF
0-2: Ball
1-2: SOLO HOME RUN (Flyball, 7LD, EV 95.0 MPH), Distance : 353 ft
Batting: RHB Luis López 0-0: Ball
1-0: Ball
2-0: Called Strike
2-1: Ball
3-1: Called Strike
3-2: Foul Ball, location: 2F
3-2: SINGLE (Flyball, 4D, EV 93.8 MPH)
Batting: LHB Nick Nix 0-0: Foul Ball, location: 2F
0-1: Fly out, F8 (Line Drive, 8LM, EV 100.6 MPH)
Batting: RHB Juan Méndez 0-0: Foul Ball, location: 25FF
0-1: Called Strike
0-2: Strikes out looking
Top of the 2nd over - 1 run, 2 hits, 0 errors, 1 left on base; Montreal 4 - Orlando 0
BOTTOM OF THE 2ND
Orlando Oracles batting - Pitching for Montreal Royals : LHP Yoriie Kichida
Batting: RHB Bob Robertson 0-0: Called Strike
0-1: Foul Ball, location: 9LDF
0-2: Ball
1-2: Foul Ball, location: 3F
1-2: Ball
2-2: Ball
3-2: Foul Ball, location: 2RF
3-2: Ground out 4-3 (Groundball, 4M, EV 95.0 MPH)
Batting: RHB Miguel Chávez 0-0: Ball
1-0: Swinging Strike
1-1: Ball
2-1: Ball
3-1: Swinging Strike
3-2: Strikes out swinging
Batting: LHB Ken'ichi Taketo 0-0: Ball
1-0: Foul Ball, location: 2F
1-1: Foul Ball, location: 5DF
1-2: Foul Ball, location: 5SF
1-2: Fly out, F3 (Popup, 3S, EV 66.9 MPH)
Bottom of the 2nd over - 0 runs, 0 hits, 0 errors, 0 left on base; Montreal 4 - Orlando 0
TOP OF THE 3RD
Montreal Royals batting - Pitching for Orlando Oracles : RHP Flynn Reeves
Batting: RHB Paul Blair 0-0: Called Strike
0-1: Ground out 4-3 (Groundball, 4, EV 88.1 MPH)
Batting: LHB Jake Cameron 0-0: Ground out 4-3 (Groundball, 4, EV 94.4 MPH)
Batting: RHB Steve Robinson 0-0: Called Strike
0-1: Foul Ball, location: 5DF
0-2: Strikes out swinging
Top of the 3rd over - 0 runs, 0 hits, 0 errors, 0 left on base; Montreal 4 - Orlando 0
BOTTOM OF THE 3RD
Orlando Oracles batting - Pitching for Montreal Royals : LHP Yoriie Kichida
Batting: RHB Bill Freehan 0-0: Called Strike
0-1: Ground out 4-3 (Groundball, 4M, EV 83.1 MPH)
Batting: RHB Dan Brown 0-0: Called Strike
0-1: Ball
1-1: Ball
2-1: Fly out, F5 (Line Drive, 56, EV 66.3 MPH)
Batting: RHB Flynn Reeves 0-0: Foul Ball, location: 2F
0-1: Ground out 6-3 (Groundball, 6, EV 83.8 MPH)
Bottom of the 3rd over - 0 runs, 0 hits, 0 errors, 0 left on base; Montreal 4 - Orlando 0
TOP OF THE 4TH
Montreal Royals batting - Pitching for Orlando Oracles : RHP Flynn Reeves
Batting: RHB Stewart Gray 0-0: Called Strike
0-1: Foul Ball, location: 23F
0-2: Ball
1-2: SINGLE (Groundball, 6MD, EV 103.8 MPH)
Batting: LHB Yoriie Kichida 0-0: Ball
Stewart Gray is caught stealing 2nd base 2-6
1-0: Foul Ball, location: 3F
1-1: Called Strike
1-2: Ball
2-2: Strikes out looking
Pitching: RHP Francis Myers
Batting: LHB Javier García 0-0: Ball
1-0: Ball
2-0: Ground out U3 (Groundball, 3S, EV 70.6 MPH)
Top of the 4th over - 0 runs, 1 hit, 0 errors, 0 left on base; Montreal 4 - Orlando 0
BOTTOM OF THE 4TH
Orlando Oracles batting - Pitching for Montreal Royals : LHP Yoriie Kichida
Batting: RHB Edward Wilson 0-0: Ball
1-0: Foul Ball, location: 3F
1-1: Foul Ball, location: 5FF
1-2: Strikes out looking
Batting: LHB Rusty Staub 0-0: Called Strike
0-1: Ball
1-1: Foul Ball, location: 2F
1-2: Ball
2-2: Strikes out swinging
Batting: RHB Cesar Cedeno 0-0: Called Strike
0-1: Ball
1-1: Ball
2-1: Fly out, F3 (Line Drive, 3L, EV 63.8 MPH)
Bottom of the 4th over - 0 runs, 0 hits, 0 errors, 0 left on base; Montreal 4 - Orlando 0
TOP OF THE 5TH
Montreal Royals batting - Pitching for Orlando Oracles : RHP Francis Myers
Batting: RHB Luis López 0-0: Called Strike
0-1: Swinging Strike
0-2: Ball
1-2: Strikes out swinging
Batting: LHB Nick Nix 0-0: Foul Ball, location: 23FF
0-1: Ball
1-1: Called Strike
1-2: Strikes out swinging
Batting: RHB Juan Méndez 0-0: Swinging Strike
0-1: SOLO HOME RUN (Flyball, 7LD, EV 92.5 MPH), Distance : 349 ft
Batting: RHB Paul Blair 0-0: Ball
1-0: Ball
2-0: Called Strike
2-1: Foul Ball, location: 9LMFF
2-2: Fly out, F8 (Flyball, 8LD, EV 108.8 MPH)
Top of the 5th over - 1 run, 1 hit, 0 errors, 0 left on base; Montreal 5 - Orlando 0
BOTTOM OF THE 5TH
Orlando Oracles batting - Pitching for Montreal Royals : LHP Yoriie Kichida
Batting: RHB Bob Robertson 0-0: Swinging Strike
0-1: Fly out, F7 (Flyball, 7S, EV 88.8 MPH)
Batting: RHB Miguel Chávez 0-0: Called Strike
0-1: Swinging Strike
0-2: Ball
1-2: Ball
2-2: SINGLE (Groundball, 56D, EV 106.9 MPH)
Batting: LHB Ken'ichi Taketo 0-0: Foul Ball, location: 7LSF
0-1: Ball
1-1: Ball
Miguel Chávez steals 2nd base
2-1: Swinging Strike
2-2: Fly out, F8 (Line Drive, 78M, EV 90.0 MPH)
Batting: RHB Bill Freehan 0-0: Called Strike
0-1: Called Strike
0-2: Foul Ball, location: 3SF
0-2: Hit by Pitch
Batting: RHB Dan Brown 0-0: Ball
1-0: Ball
2-0: Foul Ball, location: 9LSFF
2-1: Foul Ball, location: 3SF
2-2: SINGLE (Line Drive, 6MD, EV 100.6 MPH)
Miguel Chávez to third
Bill Freehan to second
Runner from 3rd tries for Home, SAFE, throw by CF to home
Pinch Hitting: LHB Kevin Crum 0-0: Ball
1-0: Called Strike
1-1: Fielders Choice at 2nd, 6-4 (Groundball, 6, EV 87.5 MPH)
Bottom of the 5th over - 1 run, 2 hits, 0 errors, 2 left on base; Montreal 5 - Orlando 1
TOP OF THE 6TH
Montreal Royals batting - Pitching for Orlando Oracles : RHP Francis Myers
Pitching: RHP Grant Jackson
Batting: LHB Jake Cameron 0-0: Called Strike
0-1: Called Strike
0-2: Ball
1-2: Ball
2-2: Ball
3-2: Strikes out swinging
Batting: RHB Steve Robinson 0-0: Ball
1-0: Called Strike
1-1: Foul Ball, location: 2F
1-2: Foul Ball, location: 2F
1-2: Ball
2-2: Fly out, F7 (Flyball, 7LM, EV 93.8 MPH)
Batting: RHB Stewart Gray 0-0: Foul Ball, location: 2F
0-1: Ground out 5-3 (Groundball, 56S, EV 75.6 MPH)
Top of the 6th over - 0 runs, 0 hits, 0 errors, 0 left on base; Montreal 5 - Orlando 1
BOTTOM OF THE 6TH
Orlando Oracles batting - Pitching for Montreal Royals : LHP Yoriie Kichida
Batting: RHB Edward Wilson 0-0: Called Strike
0-1: Ball
1-1: Called Strike
1-2: Ball
2-2: Foul Ball, location: 9LDF
2-2: Strikes out looking
Batting: LHB Rusty Staub 0-0: Ball
1-0: Foul Ball, location: 3SF
1-1: Ball
2-1: Foul Ball, location: 2F
2-2: Ball
3-2: Strikes out swinging
Batting: RHB Cesar Cedeno 0-0: Foul Ball, location: 23F
0-1: Ball
1-1: Ball
2-1: Ball
3-1: Called Strike
3-2: Ground out U3 (Groundball, 3, EV 77.5 MPH)
Bottom of the 6th over - 0 runs, 0 hits, 0 errors, 0 left on base; Montreal 5 - Orlando 1
TOP OF THE 7TH
Montreal Royals batting - Pitching for Orlando Oracles : RHP Grant Jackson
Batting: LHB Yoriie Kichida 0-0: Ball
1-0: Called Strike
1-1: Ball
2-1: Ball
3-1: Foul Ball, location: 25F
3-2: Strikes out swinging
Batting: LHB Javier García 0-0: Ball
1-0: Swinging Strike
1-1: Foul Ball, location: 7LDF
1-2: Fly out, F7 (Flyball, 78M, EV 76.3 MPH)
Batting: RHB Luis López 0-0: SINGLE (Flyball, 3D, EV 91.9 MPH)
Batting: LHB Nick Nix 0-0: Foul Ball, location: 2F
0-1: Foul Ball, location: 2F
0-2: Foul Ball, location: 2F
0-2: Fly out, F9 (Flyball, 8RM, EV 81.9 MPH)
Top of the 7th over - 0 runs, 1 hit, 0 errors, 1 left on base; Montreal 5 - Orlando 1
BOTTOM OF THE 7TH
Orlando Oracles batting - Pitching for Montreal Royals : LHP Yoriie Kichida
Batting: RHB Bob Robertson 0-0: Ball
1-0: Fly out, F9 (Flyball, 9, EV 83.8 MPH)
Batting: RHB Miguel Chávez 0-0: Ball
1-0: Called Strike
1-1: Called Strike
1-2: Ball
2-2: Foul Ball, location: 3SF
2-2: Ball
3-2: Fly out, F9 (Flyball, 9, EV 84.4 MPH)
Batting: LHB Ken'ichi Taketo 0-0: Ball
1-0: Called Strike
1-1: Swinging Strike
1-2: Foul Ball, location: 2F
1-2: Ball
2-2: Foul Ball, location: 2F
2-2: Strikes out swinging
Bottom of the 7th over - 0 runs, 0 hits, 0 errors, 0 left on base; Montreal 5 - Orlando 1
TOP OF THE 8TH
Montreal Royals batting - Pitching for Orlando Oracles : RHP Grant Jackson
Batting: RHB Juan Méndez 0-0: Ball
1-0: Called Strike
1-1: Ball
2-1: Ball
3-1: Base on Balls
Pitching: RHP Nelson Britt
Batting: RHB Paul Blair 0-0: Ball
1-0: Swinging Strike
1-1: SINGLE (Line Drive, 9S, EV 103.1 MPH)
Juan Méndez to second
Batting: LHB Jake Cameron 0-0: Ball
1-0: SINGLE (Line Drive, 34D, EV 98.8 MPH)
Juan Méndez to third
Paul Blair to second
Batting: RHB Steve Robinson 0-0: Called Strike
0-1: Foul Ball, location: 2F
0-2: Ball
1-2: Ball
2-2: Fly out, F7 (Line Drive, 78M, EV 98.1 MPH)
Runner from 3rd tags up, SCORES, throw by LF
Batting: RHB Stewart Gray 0-0: Ball
1-0: SINGLE (Groundball, 6MD, EV 101.9 MPH)
Paul Blair to third
Jake Cameron to second
Throwing error, E8
Paul Blair scores
Jake Cameron to third
Stewart Gray to second
Batting: LHB Yoriie Kichida 0-0: Called Strike
0-1: Ball
1-1: Fly out, F4 (Popup, 4S, EV 67.5 MPH)
Batting: LHB Javier García 0-0: Ball
1-0: Fly out, F8 (Line Drive, 8LM, EV 105.0 MPH)
Top of the 8th over - 2 runs, 3 hits, 1 error, 2 left on base; Montreal 7 - Orlando 1
BOTTOM OF THE 8TH
Orlando Oracles batting - Pitching for Montreal Royals : LHP Yoriie Kichida
Batting: RHB Bill Freehan 0-0: Called Strike
0-1: Swinging Strike
0-2: Ball
1-2: Ball
2-2: Ball
3-2: Base on Balls
Batting: RHB Dan Brown 0-0: Called Strike
0-1: Ball
1-1: Fly out, F8 (Flyball, 8RD, EV 91.9 MPH)
Pinch Hitting: SHB Ryan Hannigan 0-0: Foul Ball, location: 3SF
0-1: Ball
1-1: Ball
2-1: Ball
3-1: Called Strike
3-2: Base on Balls
Bill Freehan to second
Batting: RHB Edward Wilson 0-0: Ball
1-0: Ball
2-0: Ball
3-0: Called Strike
3-1: SINGLE (Line Drive, 34D, EV 101.3 MPH)
Bill Freehan to third
Ryan Hannigan to second
Batting: LHB Rusty Staub 0-0: Ball
Wild Pitch!
Bill Freehan scores
Ryan Hannigan to third
Edward Wilson to second
1-0: Ground out 4-3 (Groundball, 4, EV 92.5 MPH)
Ryan Hannigan scores
Edward Wilson to third
Batting: RHB Cesar Cedeno 0-0: Ball
1-0: Ball
2-0: Ball
3-0: Called Strike
3-1: Reached on error, E2 (Groundball, 15S, EV 70.0 MPH)
Edward Wilson scores
Pitching: RHP Bill Kidder
Batting: RHB Bob Robertson 0-0: Ball
1-0: Ball
2-0: Ball
3-0: Base on Balls
Cesar Cedeno to second
Batting: RHB Miguel Chávez 0-0: Swinging Strike
0-1: Ball
1-1: Swinging Strike
1-2: Strikes out looking
Bottom of the 8th over - 3 runs, 1 hit, 1 error, 2 left on base; Montreal 7 - Orlando 4
TOP OF THE 9TH
Montreal Royals batting - Pitching for Orlando Oracles : RHP Nelson Britt
Pitching: RHP Dean Chance
Batting: RHB Luis López 0-0: Swinging Strike
0-1: Ground out 4-3 (Groundball, 4M, EV 110.0 MPH)
Batting: LHB Nick Nix 0-0: Called Strike
0-1: Ball
1-1: Called Strike
1-2: Fly out, F7 (Flyball, 7, EV 83.8 MPH)
Batting: RHB Juan Méndez 0-0: Ball
1-0: Foul Ball, location: 3DF
1-1: Ball
2-1: Ball
3-1: Fly out, F9 (Flyball, 9, EV 92.5 MPH)
Top of the 9th over - 0 runs, 0 hits, 0 errors, 0 left on base; Montreal 7 - Orlando 4
BOTTOM OF THE 9TH
Orlando Oracles batting - Pitching for Montreal Royals : RHP Bill Kidder
Batting: LHB Ken'ichi Taketo 0-0: Ball
1-0: Called Strike
1-1: Foul Ball, location: 3F
1-2: Strikes out swinging
Pinch Hitting: LHB Ed Herrmann 0-0: Ball
1-0: Foul Ball, location: 2F
1-1: Foul Ball, location: 5F
1-2: Fly out, F9 (Flyball, 89S, EV 95.6 MPH)
Batting: RHB Dan Brown 0-0: Ball
1-0: Called Strike
1-1: Hit by Pitch
Pinch Hitting: LHB Matty Alou 0-0: Ball
1-0: Called Strike
1-1: Swinging Strike
1-2: Strikes out swinging
Bottom of the 9th over - 0 runs, 0 hits, 0 errors, 1 left on base; Montreal 7 - Orlando 4
Friday, February 23rd , 2024 - OOTP Baseball 24.8 Build 75